 Dungeon Crawl Stone Soup version 0.29-a0-575-g0dc89cf (webtiles) character file.

Game seed: 16609517539467766319

2779 Illumine the Chiller (level 9, 0/62 HPs)
             Began as a Demigod Ice Elementalist on June 12, 2022.
             Shot with a sling bullet by Joseph (15 damage)
             ... on level 7 of the Dungeon.
             The game lasted 00:12:57 (6613 turns).

Illumine the Chiller (Demigod Ice Elementalist)     Turns: 6613, Time: 00:12:57

Health: 0/62       AC: 13    Str:  9    XL:     9   Next: 19%
Magic:  16/22      EV: 12    Int: 35    God:
Gold:   453        SH:  0    Dex: 20    Spells: 9/20 levels left

rFire   + + .      SeeInvis .   j - +9 quarterstaff of the Kidney {venom, *Rage rElec rF++}
rCold   . . .      Faith    .   (shield currently unavailable)
rNeg    . . .      Spirit   .   a - +0 robe
rPois   .          Reflect  .   M - +1 hat
rElec   +          Harm     .   (no cloak)
rCorr   .          Rampage  .   u - +0 pair of gloves
Will    .....      Rage     20% (no boots)
Stlth   ++........              (no amulet)
HPRegen 0.20/turn               g - +6 ring of intelligence
MPRegen 0.18/turn               F - +6 ring of dexterity

@: ice-armoured, freezing walls
A: high MP 1, forlorn, divine attributes
a: no special abilities


You were on level 7 of the Dungeon.
You visited 1 branch of the dungeon, and saw 7 of its levels.
You also visited: Sewer.

You collected 453 gold pieces.

Inventory:

Hand Weapons
 j - the +9 quarterstaff of the Kidney (weapon) {venom, *Rage rElec rF++}
   (You found it on level 2 of the Dungeon)

   It poisons the flesh of those it strikes.
   rF:        It greatly protects you from fire.
   rElec:     It insulates you from electricity.
   *Rage:     It berserks you when you make melee attacks (+20% chance).
 s - the +1 dagger "Dualuu" {drain, rC+ SInv}
   (You found it on level 3 of the Dungeon)

   A truly terrible weapon, it drains the life of any living foe it strikes.
   rC:        It protects you from cold.
   SInv:      It lets you see invisible.
 t - a +2 whip of holy wrath
Missiles
 c - 6 boomerangs
 A - 2 throwing nets
 G - 6 curare-tipped darts
Armour
 a - a +0 robe (worn)
 u - a +0 pair of gloves (worn)
 J - +0 fire dragon scales
 M - a +1 hat (worn)
Jewellery
 g - a +6 ring of intelligence (left hand)
 x - a ring of protection from fire
 F - a +6 ring of dexterity (right hand)
Wands
 q - a wand of flame (21)
Scrolls
 d - 5 scrolls of teleportation
 e - a scroll of enchant armour {unknown}
 f - a scroll of vulnerability {unknown}
 i - a scroll of blinking {unknown}
 m - a scroll of amnesia {unknown}
 n - 2 scrolls of enchant weapon {unknown}
 p - 3 scrolls of fog {unknown}
 y - 5 scrolls of identify {unknown}
 z - a scroll of immolation {unknown}
 B - a scroll of acquirement {unknown}
 E - a scroll of brand weapon {unknown}
 I - a scroll of silence {unknown}
Potions
 b - a potion of magic
 h - a potion of invisibility {unknown}
 k - 2 potions of degeneration {unknown}
 l - 3 potions of might {unknown}
 o - 5 potions of curing {unknown}
 r - 3 potions of berserk rage {unknown}
 v - 2 potions of lignification {unknown}
 C - a potion of resistance {unknown}
 D - a potion of flight {unknown}
 H - a potion of brilliance {unknown}
 K - a potion of haste {unknown}
 L - a potion of heal wounds


   Skills:
 + Level 6.1 Staves
 - Level 2.0 Dodging
 - Level 2.0 Stealth
 + Level 6.1 Spellcasting
 - Level 4.0 Conjurations
 + Level 7.4 Ice Magic


You had 9 spell levels left.
You knew the following spells:

 Your Spells              Type           Power      Damage    Failure   Level
a - Freeze                Ice            100%       1d11      1%          1
b - Frozen Ramparts       Ice            100%       1d12      1%          3
c - Ozocubu's Armour      Ice            58%        N/A       1%          3
d - Hailstorm             Conj/Ice       50%        3d11      3%          4

Your spell library contained the following spells:

 Spells                   Type           Power      Damage    Failure   Level
 Poisonous Vapours        Pois/Air       20%        N/A       5%          2
 Scorch                   Fire           20%        2d6       5%          2
 Flame Wave               Conj/Fire      24%        2d7       16%         4
 Corpse Rot               Necr/Pois/Air  10%        N/A       36%         4
 Summon Cactus Giant      Summ           5%         N/A       99%         6


Dungeon Overview and Level Annotations

Branches:
Dungeon (7/15)             Temple (0/1) D:4           Sewer (visited)

Shops:
D:4 **

Annotations:
D:7 Joseph


Innate Abilities, Weirdness & Mutations

You have an increased reservoir of magic. (+10% MP)
You shall have no god before yourself.
Your divine heritage dramatically boosts your attributes as you level up.


Message History

Anything else - Cancel.
You shout for attention!
Joseph shouts!
You hear a shout!
Joseph unwields a +0 quarterstaff.
Joseph wields a +5 hunting sling of flaming.
It bursts into flame!
Joseph shoots a sling bullet.
The sling bullet hits you! The sling bullet burns you.
Joseph shoots a sling bullet.
The sling bullet misses you.
Joseph shoots a sling bullet.
The sling bullet hits you!
Joseph shoots a sling bullet.
The sling bullet hits you!
* * * LOW HITPOINT WARNING * * *
The sling bullet burns you.
* * * LOW HITPOINT WARNING * * *
Casting: Frozen Ramparts (safe; 1% risk of failure)
Confirm with . or Enter, or press ? or * to list all spells.
A film of ice covers your body!
Unknown command.
Casting: Ozocubu's Armour (safe; 1% risk of failure)
Confirm with . or Enter, or press ? or * to list all spells.
Casting: Frozen Ramparts (safe; 1% risk of failure)
Press: ? - help, Dir - look around, f - activate The walls around you are covered in ice.
The wall freezes Joseph!
Unknown command.
Aiming: Throw Flame
Press: ? - help, Shift-Dir - straight line, f - Joseph
Aim: Joseph, wielding a +5 hunting sling of flaming and wearing a +0 leather armour (lightly wounded, 68% to hit)
The puff of flame hits Joseph!
Joseph is moderately wounded.
The wall freezes Joseph!
Joseph shoots a sling bullet.
The sling bullet hits you.
* * * LOW HITPOINT WARNING * * *
The heat melts your icy armour.
Aiming: Throw Flame
Press: ? - help, Shift-Dir - straight line, f/p - Joseph
Aim: Joseph, wielding a +5 hunting sling of flaming and wearing a +0 leather armour (heavily wounded, 68% to hit)
The puff of flame hits Joseph!
Joseph is severely wounded.
The wall freezes Joseph.
Joseph shoots a sling bullet.
The sling bullet hits you!
You die...

# .###.####
..@.....###
#.##...#
#.@.@..# #
####...#
##.#####..##
..........######
#.....#.#......#
..........####.#
#.....#.#.#
..#..####.#.#
.......<..#.#


You could see Joseph.

Vanquished Creatures
  Pikel (D:6)
  Sigmund (D:2)
  A vampire (D:6)
  2 steam dragons (D:5)
  Duvessa (D:6)
  Pargi (Sewer)
  A sky beast (D:6)
  2 black bears (D:5)
  2 ogres
  A centaur (D:6)
  A lemure (D:6)
  A phantom (D:4)
  The ghost of cpf86 the Bolt Thrower, an amateur KoAM (D:3)
  A gnoll sergeant (D:4)
  2 scorpions (D:6)
  Dowan (D:6)
  3 hounds
  2 orc priests (D:6)
  An iguana (D:5)
  Terence (D:3)
  2 orc wizards
  Robin (D:2)
  12 gnolls
  13 adders
  A river rat (D:6)
  A white imp (D:5)
  An ufetubus (D:7)
  4 worms
  2 dart slugs
  13 orcs
  7 ball pythons
  5 bats
  6 endoplasms
  7 giant cockroaches
  15 goblins
  12 hobgoblins
  4 jackals (D:2)
  4 quokkas
  3 frilled lizards
  14 kobolds
  9 rats
163 creatures vanquished.

Vanquished Creatures (others)
  6 fungi (D:5)
6 creatures vanquished.

Grand Total: 169 creatures vanquished

Notes
Turn   | Place    | Note
-------+----------+-------------------------------------------
     0 | D:1      | Illumine the Demigod Ice Elementalist began the quest for
                  | the Orb.
     0 | D:1      | Reached XP level 1. HP: 14/14 MP: 5/5
   332 | D:1      | Reached XP level 2. HP: 20/20 MP: 5/7
   861 | D:2      | Noticed Sigmund
  1032 | D:2      | Reached skill level 4 in Ice Magic
  1126 | D:2      | Identified the +9 quarterstaff of the Kidney {venom, *Rage
                  | rElec rF++}
  1136 | D:2      | Noticed Robin
  1141 | D:2      | Reached XP level 3. HP: 26/26 MP: 9/9
  1144 | D:2      | Killed Robin
  1160 | D:2      | Learned a level 3 spell: Frozen Ramparts
  1366 | D:2      | Reached skill level 1 in Staves
  1631 | D:2      | Killed Sigmund
  1632 | D:2      | Reached XP level 4. HP: 33/33 MP: 1/11
  1632 | D:2      | Reached XP level 5. HP: 38/38 MP: 1/12
  2292 | D:3      | Identified the +1 dagger "Dualuu" {drain, rC+ SInv}
  2294 | D:3      | Noticed Terence
  2298 | D:3      | Killed Terence
  2518 | D:3      | Reached skill level 5 in Ice Magic
  2628 | D:3      | Reached XP level 6. HP: 45/45 MP: 14/14
  2765 | D:3      | Learned a level 4 spell: Hailstorm
  2846 | D:3      | Found a runed translucent gate.
  2847 | D:3      | Found a runed translucent gate.
  2847 | D:3      | Found a runed translucent gate.
  2855 | D:3      | Noticed cpf86's ghost (amateur KoAM)
  2867 | D:3      | Killed cpf86's ghost
  3037 | D:4      | Reached skill level 1 in Conjurations
  3145 | D:4      | Found Kuomoq's Neck Hole.
  3293 | D:4      | Found a staircase to the Ecumenical Temple.
  3402 | D:4      | Reached XP level 7. HP: 50/50 MP: 12/16
  3410 | D:4      | Learned a level 3 spell: Ozocubu's Armour
  3528 | D:4      | Found Nummeh's Mayhem Merchandise.
  4068 | D:5      | Entered Level 5 of the Dungeon
  4538 | D:5      | Noticed a steam dragon
  4551 | D:5      | Noticed a steam dragon
  4555 | D:5      | Killed a steam dragon
  4556 | D:5      | Killed a steam dragon
  4557 | D:5      | Reached skill level 6 in Ice Magic
  4557 | D:5      | Reached XP level 8. HP: 55/57 MP: 11/18
  5090 | D:6      | Reached skill level 5 in Spellcasting
  5184 | D:6      | Noticed Duvessa
  5187 | D:6      | Noticed Dowan
  5198 | D:6      | Killed Duvessa
  5200 | D:6      | Killed Dowan
  5316 | D:6      | Reached skill level 5 in Staves
  5363 | D:6      | Found a glowing drain.
  5367 | Sewer    | Entered a sewer
  5551 | Sewer    | Noticed Pargi
  5555 | Sewer    | Killed Pargi
  6050 | D:6      | Noticed Pikel
  6059 | D:6      | Killed Pikel
  6060 | D:6      | Reached skill level 7 in Ice Magic
  6060 | D:6      | Reached XP level 9. HP: 46/62 MP: 14/21
  6601 | D:7      | Noticed Joseph
  6613 | D:7      | Shot with a sling bullet by Joseph

Illustrated notes

Levels and vault maps discovered:
D:1:      dpeg_arrival_stone_temple_mockup, layout_rooms, serial_rivers,
          chequers_serial_rivers_micro_e, chequers_serial_rivers_small_3,
          chequers_serial_rivers_room_b, chequers_serial_rivers_micro_a,
          dreamdust_princess_bridge
D:2:      layout_loops_corners, basic_altar, st_stairs_2,
          nicolae_elevator_lobby_asterisk, uniq_sigmund, uniq_robin
D:3:      layout_basic, ebering_ghost_gozag, basic_ecumenical_altar,
          uniq_terence
D:4:      layout_loops_cross, nicolae_qazlal_eye_of_the_storm,
          minmay_temple_entry_tees, hangedman_decor_diamond_cutter,
          minmay_misc_feat_enclosed, minmay_shop_mayhem,
          nicolae_shop_sticking_my_neck_out
D:5:      kennysheep_steamy, layout_loops_cross
D:6:      layout_loops_ring, lightli_sewer_entry_pipes, uniq_pikel, uniq_duvessa
D:7:      layout_loops_cross, uniq_joseph, uniq_crazy_yiuf_cottage

Skill      XL: |  1  2  3  4  5  6  7  8  9 |
---------------+----------------------------+-----
Stealth        | 2 |  2.0
Dodging        | 2 |  2.0
Spellcasting   | 2 3 4 6 |  6.1
Ice Magic      | 4 5 6 7 |  7.4
Staves         | 2 3 4 5 6 |  6.1
Conjurations   | 1 3 4 |  4.0

Action                   |  1- 3 |  4- 6 |  7- 9 || total
-------------------------+-------+-------+-------++-------
Melee: Quarterstaff      |    16 |    33 |    51 ||   100
       Unarmed           |     1 |       |       ||     1
 Cast: Freeze            |    59 |    21 |    28 ||   108
       Frozen Ramparts   |     1 |     9 |    34 ||    44
       Ozocubu's Armour  |       |       |     4 ||     4
Evoke: Wand              |       |       |     4 ||     4
  Use: Scroll            |       |     1 |       ||     1
 Stab: Sleeping          |     1 |     1 |     1 ||     3
Armor: Robe              |    10 |    11 |    20 ||    41
Dodge: Dodged            |    45 |    33 |    42 ||   120

Table legend: (Time is in decaauts)
 A = Elapsed time spent in this place.
 B = Non-inter-level travel time spent in this place.
 C = Inter-level travel time spent in this place.
 D = Time resting spent in this place.
 E = Time spent auto-exploring this place.
 F = Levels seen in this place.
 G = Mean time per level.
                   A        B        C        D        E       F      G
               +--------+--------+--------+--------+--------+-----+--------+
         Total |   6773 |   6619 |    154 |   1394 |   3701 |   8 |  846.6 |
       Dungeon |   6507 |   6353 |    154 |   1311 |   3605 |   7 |  929.6 |
         Sewer |    266 |    266 |      0 |     83 |     96 |   1 |  266.0 |
               +--------+--------+--------+--------+--------+-----+--------+

Top non-repeatable levels by time:
     D:2: 1405 daAuts
     D:6: 1285 daAuts
     D:4: 1123 daAuts
     D:5: 985 daAuts
     D:1: 887 daAuts
     D:3: 793 daAuts
   Sewer: 266 daAuts
     D:7: 25 daAuts
